AoeStats
← Sap2DEUCE

Arabia

510447444Analyzed
1v1 RM · 10h ago on Oct 1, 2026· 28m 56s· 2 players
Game mode
Random Map
Map size
Tiny (2 player)
Population
200
Speed
Normal
Resources
Standard
Victory
Conquest
Starting age
Dark Age
Ending age
Imperial Age
RankedLock teamsTeams togetherTeam positionsShared explorationLock speedFull tech treeHidden civsTurbo modeCheats
Victory
Defeat
🇺🇸 Huns · United States
283
+19
🇺🇸 Magyars · United States
340
-19
Sap2DEUCE
10:07 Loom
12:02 Feudal Age
15:40 Double-Bit Axe
15:46 Horse Collar
20:25 Bloodlines
23:42 Castle Age
21:37 Man-at-Arms
Mgmz07
2:55 Loom
19:42 Feudal Age
21:04 Wheelbarrow
19:56 Man-at-Arms
26:30 Bloodlines
Connection lost

Rejoining the realm…

Still unreachable

The connection could not be restored.

Session expired

The server has moved on; the page needs a fresh start.